 Dungeon Crawl Stone Soup version 0.20-a0-517-g5f97612 (webtiles) character file.

281 AlphabetPasta the Chopper (level 6, -8/43 HPs)
             Began as an Octopode Wanderer on Jan 24, 2017.
             Killed by divine providence
             ... invoked by an orc priest
              (16 damage)
             ... on level 3 of the Dungeon.
             The game lasted 00:10:23 (2877 turns).

AlphabetPasta the Chopper (Octopode Wanderer)       Turns: 2877, Time: 00:10:24

Health: -8/43      AC:  1    Str: 20    XL:     6   Next: 27%
Magic:  6/6        EV: 14    Int: 13    God:
Gold:   92         SH:  0    Dex: 11    Spells: 5/5 levels left

rFire    . . .     SeeInvis .   a - +2 hand axe
rCold    . . .     Gourm    .   (no shield)
rNeg     . . .     Faith    .   (helmet restricted)
rPois    .         Spirit   .   (no amulet)
rElec    .         Reflect  .   m - ring of stealth
rCorr    .         Harm     .   p - ring of protection from magic
MR       +....                  (no ring)
Stlth    ++++......             (no ring)
Regen    0.2/turn               (no ring)
                                (no ring)
                                (no ring)
                                (no ring)

@: mighty, lethally poisoned (-8 -> -9)
A: almost no armour, stealthy swim, amphibious, 8 rings, constrict 8, camouflage
1, gelatinous body 1
a: no special abilities


You were on level 3 of the Dungeon.
You were not hungry.

You visited 1 branch of the dungeon, and saw 3 of its levels.

You collected 92 gold pieces.

Inventory:

Hand Weapons
 a - a +2 hand axe (weapon)
 c - a +0 dagger
Jewellery
 g - an uncursed amulet of magic regeneration
 m - a ring of stealth (left tentacle)
 p - a ring of protection from magic (right tentacle)
 q - a cursed amulet of inaccuracy {unknown}
Wands
 h - a wand of digging (15/24)
 s - a wand of polymorph (4/24)
Scrolls
 f - a scroll of blinking
 u - 3 scrolls of remove curse
Potions
 b - a potion of curing
 i - a potion of cure mutation {unknown}
 k - a potion of invisibility {unknown}
 o - a potion of mutation {unknown}
 r - 2 potions of agility {unknown}
 t - a potion of flight {unknown}
Comestibles
 d - 4 bread rations
 n - 2 royal jellies


   Skills:
 + Level 4.2 Fighting
 - Level 1.0 Short Blades
 * Level 5.0 Axes
 + Level 3.2 Dodging
 - Level 2.6 Stealth
 + Level 0.9 Evocations


You had 5 spell levels left.
You didn't know any spells.

Dungeon Overview and Level Annotations

Branches:
Dungeon (3/15)

Altars:

Annotations:
D:3 exclusion: orc wizard, Sigmund


Innate Abilities, Weirdness & Mutations

You cannot wear most types of armour.
You are very stealthy in the water. (Stealth+)
You are amphibious.
You can wear up to eight rings at the same time.
You can use your tentacles to constrict eight enemies at once.
Your skin changes colour to match your surroundings (Stealth+).
Your rubbery body absorbs attacks. (AC +1, EV +1)


Message History

You hit the jackal. You grab the jackal. You squeeze the jackal.
You kill the jackal!
The orc throws a tomahawk.
The tomahawk barely misses you.
The orc priest looks braver for a moment.
Something hits you but does no damage.
You hit the orc. You grab the orc. Your squeeze misses the orc.
The orc is severely wounded.
You constrict the orc.
You kill the orc!
The orc wizard gestures at you while chanting.
The magic dart hits you!
* * * LOW HITPOINT WARNING * * *
You feel sick. Something hits you.
* * * LOW HITPOINT WARNING * * *
You feel sick.
The orc wizard mumbles some strange words.
The orc wizard blinks!
The orc priest invokes the aid of Beogh against you.
Beogh smites you!
You die...

...........#.##......#.#
.........###.###...#
.....###.......#..#
#.....##.......##<...# .
#..#..##.......###.#...#
#.####..#..##.......# .#
...#
#..........##.......##
.. ...
........#...o........#
##. ..
....#......§...o@÷...#
#. .
.......†#.###........#
.. ..#..)((# #........#
........### #..........#
....###..# ##########.#
... ...# .# .. ....# . .
..>... ........


You could see an orc priest and an orc.

Vanquished Creatures
  A scorpion (D:3)
  Jessica (D:2)
  Natasha (thrice) (D:2)
  4 adders
  2 oozes (D:1)
  2 worms (D:2)
  2 leopard geckos
  2 orcs (D:3)
  3 ball pythons
  11 bats
  A giant cockroach (D:2)
  8 hobgoblins
  6 jackals
  2 quokkas
  4 frilled lizards
  10 goblins
  6 kobolds
  14 rats
82 creatures vanquished.

Notes
Turn   | Place    | Note
-------+----------+-------------------------------------------
     0 | D:1      | AlphabetPasta the Octopode Wanderer began the quest for the Orb.
     0 | D:1      | AlphabetPasta set off with: a +2 hand axe, 2 potions of curing, a +0 dagger, a bread ration
     0 | D:1      | Reached XP level 1. HP: 16/16 MP: 1/1
    63 | D:1      | Reached XP level 2. HP: 18/21 MP: 2/2
   172 | D:1      | Reached XP level 3. HP: 15/26 MP: 3/3
  1022 | D:2      | Reached XP level 4. HP: 26/32 MP: 4/4
  1066 | D:2      | Noticed Jessica
  1080 | D:2      | Killed Jessica
  1170 | D:2      | Reached skill level 4 in Axes
  1213 | D:2      | Noticed Natasha
  1225 | D:2      | Killed Natasha
  1513 | D:2      | Reached XP level 5. HP: 28/37 MP: 5/5
  2004 | D:2      | Noticed Natasha
  2018 | D:2      | Killed Natasha
  2390 | D:2      | Noticed Natasha
  2395 | D:2      | Killed Natasha
  2547 | D:3      | Noticed Sigmund
  2634 | D:3      | Reached XP level 6. HP: 15/43 MP: 6/6
  2865 | D:3      | Reached skill level 5 in Axes
  2877 | D:3      | Killed from afar by an orc priest

Vault maps used:
D:1:      ncdulo_halloftheorcs, grunt_decor_mini_mirrors,
          minmay_rat_gold_closets
D:2:      first_bread, uniq_jessica, uniq_natasha
D:3:      uniq_crazy_yiuf_cottage, uniq_sigmund

Skill      XL: |  1  2  3  4  5  6 |
---------------+-------------------+-----
Dodging        | 2 3 |  3.2
Axes           | 4 5 |  5.0
Fighting       | 4 |  4.2
Short Blades   | |  1.0
Stealth        | |  2.6
Evocations     | |  0.9

Action                   |  1- 3 |  4- 6 || total
-------------------------+-------+-------++-------
Melee: Hand axe          |    67 |    86 ||   153
       Constrict         |    13 |    16 ||    29
       Tentacles         |     7 |     9 ||    16
       Unarmed           |       |    12 ||    12
  Use: Scroll            |     5 |     2 ||     7
       Potion            |       |     2 ||     2
 Stab: Sleeping          |    15 |     8 ||    23
  Eat: Chunk             |       |     6 ||     6
Armor: Skin              |     5 |     4 ||     9
Dodge: Dodged            |    27 |    63 ||    90
